 Dungeon Crawl Stone Soup version 0.16-a0-922-gae79c9c (webtiles) character file.

2860 Kashira the Chiller (level 9, -4/42 HPs)
             Began as a Felid Ice Elementalist on Sept 30, 2014.
             Was a Priest of Yredelemnul.
             Hit by a large rock thrown by a cyclops (45 damage)
             ... on Level 9 of the Dungeon.
             The game lasted 00:41:00 (13273 turns).

Kashira the Chiller (Felid Ice Elementalist)       Turns: 13273, Time: 00:41:02

HP  -4/42        AC  8     Str  7      XL: 9   Next: 47%
MP  25/32        EV 19     Int 17      God: Yredelemnul [***...]
Gold 604         SH  6     Dex 20      Spells:  5 memorised,  3 levels left
Lives: 0, deaths: 2

rFire  . . .     SeeInvis +     (weapon unavailable)
rCold  . . .     Clarity  .     (armour unavailable)
rNeg   . . .     rCorr    .     (shield unavailable)
rPois  .         rRot     .     (helmet unavailable)
rElec  .         Spirit   .     (cloak unavailable)
SustAb .         Warding  .     (gloves unavailable)
rMut   .         Stasis   .     (boots unavailable)
Gourm  .                        y - amulet of rage
MR     +....                    p - +4 ring of dexterity
                                x - ring of magical power

@: icy armour, icy shield, quick, somewhat resistant to hostile enchantments,
fairly stealthy
A: paw claws, no armour, no weapons or thrown items, fangs 3, see invisible,
carnivore 3, speed 1, shaggy fur 2, slow metabolism 1, jump 2
a: Jump Attack, Animate Dead, Recall Undead Slaves, Injury Mirror, Renounce
Religion, Evoke Berserk Rage


You were on level 9 of the Dungeon.
You worshipped Yredelemnul.
Yredelemnul was most pleased with you.
You were not hungry.

You visited 1 branch of the dungeon, and saw 9 of its levels.

You collected 604 gold pieces.

Inventory:

Magical devices
 e - a wand of hasting (2)
 h - a wand of magic darts (8)
 q - a wand of slowing (14)
 t - a wand of hasting (3)
 B - a wand of draining (6)
Comestibles
 c - 4 meat rations
Scrolls
 f - 2 scrolls of fog {unknown}
 j - a scroll of acquirement {unknown}
 l - a scroll of enchant armour {unknown}
 m - 7 scrolls of teleportation
 n - 10 scrolls of remove curse
 o - 3 scrolls of fear
 r - 4 scrolls of noise
 w - a scroll of blinking {unknown}
 C - 2 scrolls of amnesia {unknown}
 F - a scroll of holy word {unknown}
Jewellery
 a - an uncursed ring of flight
 p - a +4 ring of dexterity (right paw)
 x - a ring of magical power (left paw)
 y - an amulet of rage (around neck)
 A - an uncursed amulet of clarity {unknown}
Potions
 d - a potion of confusion
 g - a potion of degeneration
 i - 2 potions of might
 k - 4 potions of curing
 s - 3 potions of poison
 u - a potion of flight
 v - a potion of brilliance
 z - a potion of haste {unknown}
 D - a potion of magic
 E - 2 potions of restore abilities
 G - a potion of berserk rage
Books
 b - a book of Frost

   Spells                             Type                      Level
   *Freeze                            Ice                          1
   *Throw Frost                       Conjuration/Ice              2
   *Ozocubu's Armour                  Charms/Ice                   3
   *Throw Icicle                      Conjuration/Ice              4
   Summon Ice Beast                   Ice/Summoning                4
   *Condensation Shield               Ice                          4


   Skills:
 + Level 6.3 Fighting
 - Level 3.1 Dodging
 - Level 2.6 Stealth
 - Level 4.6 Spellcasting
 - Level 5.5 Conjurations
 - Level 1.7 Charms
 - Level 7.2 Ice Magic
 - Level 5.8 Invocations


You had 3 spell levels left.
You knew the following spells:

 Your Spells              Type           Power        Failure   Level  Hunger
a - Freeze                Ice            ####         1%          1    None
b - Throw Frost           Conj/Ice       ####..       1%          2    #......
c - Ozocubu's Armour      Chrm/Ice       ###.....     10%         3    ###....
d - Condensation Shield   Ice            ####......   10%         4    ####...
e - Throw Icicle          Conj/Ice       ####....     12%         4    ####...


Dungeon Overview and Level Annotations

Branches:
Dungeon (9/15)             Temple (0/1) D:4             Orc (0/4) D:9
   Lair (0/8) D:8

Altars:
Dithmenos
Elyvilon
Fedhas
Makhleb
Sif Muna
Yredelemnul
Zin


Innate Abilities, Weirdness & Mutations

You cannot wear armour.
You are incapable of wielding weapons or throwing items.
Your paws have sharp claws.
You have razor-sharp teeth.
You have supernaturally acute eyesight.
You are carnivorous and can eat meat at any time.
You cover ground quickly.
You are covered in thick fur (AC +2).
You have a slow metabolism.
You can jump attack at a medium distance.


Message History

Casting: Throw Frost
Confirm with . or Enter, or press ? or * to list all spells.
A crackling disc of dense vapour forms in the air!
Something hits your flying skull.
Your flying skull hits something!
You swap places.
Your flying skull hits something!
Yredelemnul accepts your slave's kill.
You feel a bit more experienced.
Casting: Condensation Shield
Confirm with . or Enter, or press ? or * to list all spells.
A film of ice covers your body!
Your flying skull hits the cyclops.
The cyclops throws a large rock.
The large rock misses your flying skull.
The large rock hits your flying skull!!
Your flying skull hits the cyclops but does no damage.
The cyclops throws a large rock.
The large rock barely misses your flying skull.
The large rock hits you!!!
Ouch! That really hurt!
You die...
Your body rises from the dead as a mindless zombie.

###... #####o. ...#+#
....C ##### ...... ..zz
#...# ...#.#
..#########z#.# ##...#
#(#......<#.#.# .+...#
#.#.#######z#.# ##...#
#.#......z..#z# ##...#
.#######.###########.####
.#...#
........@....Z.....Z.....
.#...#
########.###########.....
.....#
#####'######....Z.....
...###
#..z......##.########.
#..#
#.........'..##.......
...#
#.........#####.######
.#.## #.........#
#%....... .#..##.#
#.........# #########
.##.##.# #........>###


You could see a cyclops, an orc, 2 friendly flying skulls and a friendly goliath
beetle zombie.

Vanquished Creatures
  A komodo dragon (D:8)
  A wyvern (D:7)
  A hippogriff (D:8)
  An ice beast (D:9)
  2 centaurs (D:6)
  An ogre (D:8)
  A giant frog (D:8)
  2 killer bees (D:8)
  2 scorpions
  A troll zombie (D:9)
  2 wights (D:9)
  2 crimson imps
  3 goliath beetles
  2 giant frog zombies (D:5)
  An orc priest (D:5)
  4 hounds
  6 orc wizards
  Natasha (twice) (D:3)
  3 iguanas
  3 worker ants
  A worker ant zombie (D:7)
  10 adders
  2 gnolls
  2 giant mites (D:6)
  A shadow imp (D:8)
  3 worms
  An adder zombie (D:8)
  4 giant geckos
  3 oozes
  31 orcs
  6 giant cockroaches
  10 goblins
  17 hobgoblins
  9 jackals
  4 ball pythons
  12 bats
  3 giant newts
  A goblin skeleton (D:9)
  A goblin zombie (D:9)
  A hobgoblin skeleton (D:9)
  A hobgoblin zombie (D:9)
  16 kobolds
  2 orc skeletons
  5 orc zombies (D:9)
  2 quokkas
  12 rats
  A rat skeleton (D:5)
202 creatures vanquished.

Vanquished Creatures (collateral kills)
  A troll (D:9)
  A hill giant zombie (D:9)
  3 phantoms (D:9)
  A sky beast (D:9)
  An ogre (D:4)
  A centaur (D:4)
  Blork the orc (D:4)
  2 giant frogs (D:9)
  A troll zombie (D:9)
  A hippogriff zombie (D:6)
  2 killer bees (D:8)
  2 wights (D:9)
  A centaur zombie (D:6)
  A goliath beetle (D:8)
  A gnoll shaman (D:7)
  A centaur skeleton (D:4)
  6 orc priests
  A worker ant (D:8)
  2 orc wizards (D:9)
  6 ogre zombies (D:9)
  A hound zombie (D:7)
  A hound skeleton (D:7)
  A gnoll (D:7)
  A shadow imp (D:5)
  An adder (D:9)
  3 orc skeletons
  4 orcs
  2 bats (D:8)
  2 goblin skeletons (D:9)
  3 goblin zombies (D:9)
  3 hobgoblin skeletons
  A jackal skeleton (D:4)
  6 orc zombies (D:9)
  A rat (D:9)
  A rat skeleton (D:4)
67 creatures vanquished.

Vanquished Creatures (others)
  A flying skull (D:9)
  A wyvern zombie (D:7)
  2 centaur zombies
  An ogre zombie (D:8)
  A hound zombie (D:7)
  A scorpion zombie (D:8)
  A worker ant zombie (D:7)
  A goliath beetle zombie (D:7)
  2 adder zombies
  2 bat zombies
  A giant gecko zombie (D:4)
  A goblin zombie (D:5)
  A hobgoblin zombie (D:5)
  3 kobold zombies
  10 orc zombies
  A quokka zombie (D:9)
  A butterfly (D:7)
  A plant (D:8)
32 creatures vanquished.

Grand Total: 301 creatures vanquished

Notes
Turn   | Place    | Note
--------------------------------------------------------------
     0 | D:1      | Kashira, the Felid Ice Elementalist, began the quest for the Orb.
     0 | D:1      | Reached XP level 1. HP: 7/7 MP: 4/4
   350 | D:1      | Reached skill level 3 in Dodging
   350 | D:1      | Reached XP level 2. HP: 11/11 MP: 2/5
   479 | D:1      | Learned a level 2 spell: Throw Frost
  1339 | D:2      | Reached XP level 3. HP: 11/14 MP: 1/8
  1543 | D:2      | Reached skill level 1 in Conjurations
  1560 | D:2      | Learned a level 3 spell: Ozocubu's Armour
  1573 | D:2      | Found a basalt altar of Yredelemnul.
  1604 | D:2      | Became a worshipper of Yredelemnul the Dark
  2754 | D:2      | Reached XP level 4. HP: 18/18 MP: 0/11
  3391 | D:3      | Acquired Yredelemnul's first power
  3394 | D:3      | Reached skill level 4 in Ice Magic
  3590 | D:3      | Noticed Natasha
  3640 | D:3      | Killed Natasha
  3640 | D:3      | Reached XP level 5. HP: 11/21 MP: 1/14
  3923 | D:3      | Found a shadowy altar of Dithmenos.
  4239 | D:3      | Noticed Natasha
  4247 | D:3      | Killed Natasha
  4669 | D:4      | Noticed a centaur
  4693 | D:4      | Found a white marble altar of Elyvilon.
  4849 | D:4      | Learned a level 4 spell: Condensation Shield
  4973 | D:4      | Acquired Yredelemnul's second power
  4995 | D:4      | Gained mutation: You are covered in thick fur (AC +2). [growing up]
  4995 | D:4      | Gained mutation: You can jump attack at a medium distance. [growing up]
  4995 | D:4      | Reached XP level 6. HP: 24/24 MP: 3/18
  5331 | D:4      | Shot with an arrow by a centaur
  5332 | D:4      | Reached XP level 5. HP: -1/21 MP: 18/25
  5338 | D:4      | Killed a centaur
  5484 | D:4      | Noticed Blork the orc
  5500 | D:4      | Killed Blork the orc
  5500 | D:4      | Reached XP level 6. HP: 12/24 MP: 8/18
  5643 | D:4      | Found a staircase to the Ecumenical Temple.
  6011 | D:5      | Entered Level 5 of the Dungeon
  6973 | D:5      | Reached skill level 1 in Charms
  6973 | D:5      | Reached XP level 7. HP: 27/27 MP: 11/20
  7037 | D:5      | Reached skill level 5 in Invocations
  7634 | D:6      | Shot with an arrow of flame by a centaur
  7635 | D:6      | Reached XP level 6. HP: 0/24 MP: 6/27
  7771 | D:6      | Found a burning altar of Makhleb.
  7771 | D:6      | Noticed a green death
  8104 | D:6      | Reached XP level 7. HP: 22/27 MP: 8/20
  8390 | D:6      | Found a glowing silver altar of Zin.
  8535 | D:6      | Noticed a hellwing
  8535 | D:6      | Noticed a ynoxinul
  8598 | D:7      | Acquired Yredelemnul's third power
  8606 | D:7      | Learned a level 4 spell: Throw Icicle
  8638 | D:7      | Noticed a wyvern
  9398 | D:7      | Found a deep blue altar of Sif Muna.
  9815 | D:7      | Killed a wyvern
  9815 | D:7      | Reached skill level 5 in Conjurations
 10009 | D:7      | Reached XP level 8. HP: 29/31 MP: 21/21
 10210 | D:8      | Reached skill level 5 in Ice Magic
 10241 | D:8      | Found a staircase to the Lair.
 10242 | D:8      | Noticed a komodo dragon
 10736 | D:8      | Found a blossoming altar of Fedhas.
 10929 | D:8      | Reached skill level 6 in Ice Magic
 11217 | D:8      | Received a gift from Yredelemnul
 11469 | D:8      | Killed a komodo dragon
 11469 | D:8      | Reached skill level 7 in Ice Magic
 11555 | D:9      | Reached skill level 1 in Fighting
 11805 | D:9      | Reached XP level 9. HP: 34/36 MP: 10/23
 12104 | D:9      | Noticed a troll
 12112 | D:9      | Killed a troll
 12537 | D:9      | Reached skill level 5 in Fighting
 12549 | D:9      | Found a staircase to the Orcish Mines.
 13267 | D:9      | Noticed a cyclops
 13273 | D:9      | Hit by a large rock thrown by a cyclops

Action                   |  1- 3 |  4- 6 |  7- 9 || total
-------------------------+-------+-------+-------++-------
Melee: Unarmed           |    17 |    34 |    26 ||    77
 Cast: Freeze            |    45 |    91 |    74 ||   210
       Throw Frost       |    32 |   126 |   112 ||   270
       Ozocubu's Armour  |       |    10 |     7 ||    17
       Condensation Shie |       |     8 |     5 ||    13
       Throw Icicle      |       |       |    63 ||    63
Invok: Animate Remains   |       |    21 |     7 ||    28
       Recall Undead Sla |       |     1 |     2 ||     3
       Injury Mirror     |       |     1 |       ||     1
       Animate Dead      |       |       |    23 ||    23
 Abil: Jump Attack       |       |     3 |     5 ||     8
Evoke: Wand              |       |     1 |     2 ||     3
  Use: Scroll            |       |       |    17 ||    17
 Stab: Distracted        |       |     1 |       ||     1
  Eat: Chunk             |    12 |     9 |    16 ||    37
       Pizza             |       |       |     2 ||     2
       Beef jerky        |       |       |     1 ||     1
       Meat ration       |       |       |     2 ||     2
